 Dungeon Crawl Stone Soup version 0.30.0-29-ga12c61a403 (webtiles) character file.

Game seed: 3860450416540660891

28 monsoonserge the Slasher (level 3, -2/30 HPs)
             Began as a Meteoran Gladiator on June 23, 2023.
             Slain by a gnoll
             ... wielding a +0 halberd
              (8 damage)
             ... on level 2 of the Dungeon.
             The game lasted 00:02:39 (440 turns).

monsoonserge the Slasher (Meteoran Gladiator)        Turns: 440, Time: 00:02:40

Health: -2/30      AC:  4    Str: 15    XL:     3   Next: 50%
Magic:  4/4        EV: 13    Int: 10    God:
Gold:   58         SH:  0    Dex: 17    Spells: 2/2 levels left

rFire   . . .        a - +0 long sword
rCold   . . .        (no shield)
rNeg    + . .        b - +0 leather armour
rPois   .            c - +0 helmet
rElec   .            (no cloak)
rCorr   .            (no gloves)
SInv    .            (no boots)
Will    .....        (no amulet)
Stlth   +            o - ring of positive energy
HPRegen 0.25/turn    (no ring)
MPRegen 0.09/turn

%: no passive effects
@: glowing
A: sense surroundings 1, otherworldly, glowing, explore regen
a: no special abilities


You were on level 2 of the Dungeon.
You visited 1 branch of the dungeon, and saw 2 of its levels.

You collected 58 gold pieces.

Inventory:

Hand Weapons
 a - a +0 long sword (weapon)
 p - a +0 short sword of freezing
Missiles
 d - 3 throwing nets (quivered)
 e - a javelin
Armour
 b - a +0 leather armour (worn)
 c - a +0 helmet (worn)
Magical Staves
 i - a staff of conjuration
Jewellery
 o - a ring of positive energy (left hand)
Scrolls
 g - 2 scrolls of enchant weapon {unknown}
 h - a scroll of teleportation {unknown}
 j - a scroll of vulnerability {unknown}
 k - a scroll of amnesia {unknown}
 m - 2 scrolls of identify {unknown}
Potions
 f - a potion of mutation {unknown}
 l - a potion of ambrosia {unknown}
 n - a potion of berserk rage {unknown}


   Skills:
 + Level 2.3 Fighting
 + Level 4.2 Long Blades
 + Level 2.5 Throwing
 + Level 0.9 Armour
 + Level 4.2 Dodging


You had 2 spell levels left.
You didn't know any spells.
Your spell library contained the following spells:

 Spells                   Type           Power      Damage    Failure   Level
 Apportation              Tloc           0%         N/A       43%         1
 Alistair's Intoxication  Tmut/Pois      0%         N/A       100%        5


Dungeon Overview and Level Annotations

Branches:
Dungeon (2/15) Zot: 750

Altars:


Innate Abilities, Weirdness & Mutations

You passively map a small area around you.
You are easily found by Zot.
You glow in the dark.
You regain HP and MP as you explore.


Message History

A rat comes into view.
An adder comes into view.
Found 4 stones.
A gnoll comes into view. It is wielding a +0 club.
The adder hisses angrily.
The gnoll shouts!
There is an open door here.
You hit the rat but do no damage. The rat bites you but does no damage.
The rat completely misses you.
You hit the rat.
The rat is moderately wounded.
The rat twitches its whiskers.
The rat closely misses you.
You barely miss the rat.
The rat is moderately wounded.
The rat barely misses you.
You hit the rat.
You kill the rat!
The adder misses you.
You miss the adder. Your punch misses the adder.
The adder bites you but does no damage. The adder barely misses you.
You hit the adder.
The adder is lightly wounded.
The adder closely misses you.
The gnoll hits you from afar with a +0 halberd.
You hit the adder.
The adder is heavily wounded.
The adder misses you.
The gnoll hits you from afar with a +0 halberd.
The adder bites you but does no damage.
You hit the adder.
The adder is severely wounded.
The adder closely misses you.
The gnoll hits you from afar with a +0 halberd!
You hit the adder.
You kill the adder!
The gnoll barely misses you.
Okay, then.
You hit the gnoll but do no damage. The gnoll hits you with a +0 whip!
* * * LOW HITPOINT WARNING * * *
The gnoll hits you from afar with a +0 halberd!
You die...

, , #+* , #.# , **#.# *
, ## #.# ##### * * *
..##.#, ....# ,....
#....# * *#.####....#
#.........########
*#@###............# * ,
#g# #.##.........#
,+....ggg##.##.........#
*
*#.......##.##.........#
*
#.......##..'....)....#
.........#####.........#
.....(#### ####..#####
...... ##.# # ,...###
#######.####.


You could see 4 gnolls.

Vanquished Creatures
  An adder (D:2)
  An endoplasm (D:1)
  A giant cockroach (D:1)
  A goblin (D:1)
  2 hobgoblins (D:1)
  3 kobolds
  A quokka (D:2)
  4 ball pythons (D:1)
  2 rats
16 creatures vanquished.

Notes
Turn   | Place    | Note
-------+----------+-------------------------------------------
     0 | D:1      | monsoonserge the Meteoran Gladiator began the quest for the
                  | Orb.
     0 | D:1      | Reached XP level 1. HP: 17/17 MP: 2/2
    93 | D:1      | Reached XP level 2. HP: 24/24 MP: 3/3
   392 | D:2      | Reached XP level 3. HP: 27/29 MP: 4/4
   440 | D:2      | Slain by a gnoll

Illustrated notes

Levels and vault maps discovered:
D:1:      spicycebolla_arrival_clurvy, layout_rooms, corexii_corridor_pit
D:2:      layout_basic

Skill      XL: |  1  2  3 |
---------------+----------+-----
Dodging        | 4 |  4.2
Long Blades    | 4 |  4.2
Fighting       | |  2.3
Throwing       | |  2.5
Armour         | |  0.9

Action                     || total
---------------------------++-------
  Melee: Long sword        ||    44
         Punch             ||     1
 Armour: Leather armour    ||    11
  Dodge: Dodged            ||    23
